 Dungeon Crawl Stone Soup version 0.25-a0-510-ge065f6de7d (webtiles) character file.

Game seed: 499912055989643521, levelgen mode: classic

18 EnegeticOcto the Shield-Bearer (level 2, 22/27 HPs)
             Began as a Deep Dwarf Fighter on Feb 15, 2020.
             Quit the game on level 2 of the Dungeon.
             The game lasted 00:00:27 (253 turns).

EnegeticOcto the Shield-Bearer (Deep Dwarf Fighter)  Turns: 253, Time: 00:00:27

Health: 22/27      AC:  6    Str: 19    XL:     2   Next: 51%
Magic:  2/2        EV:  7    Int:  8    God:
Gold:   30         SH:  9    Dex: 12    Spells: 1/1 levels left

rFire    . . .     SeeInvis .   h - -1 hand axe (curse)
rCold    . . .     Gourm    .   c - +0 kite shield
rNeg     . . .     Faith    .   b - +0 scale mail
rPois    .         Spirit   .   (no helmet)
rElec    .         Reflect  .   (no cloak)
rCorr    .         Harm     .   (no gloves)
MR       .....                  (no boots)
Stlth    ..........             (no amulet)
HPRegen  0.00/turn              (no ring)
MPRegen  0.08/turn              (no ring)

@: non-regenerating
A: damage resistance, heal wounds, sense surroundings 1, no regeneration
a: Heal Wounds


You were on level 2 of the Dungeon.
You were not hungry.

You visited 1 branch of the dungeon, and saw 2 of its levels.

You collected 30 gold pieces.

Inventory:

Hand Weapons
 a - a +0 war axe
 h - a cursed -1 hand axe (weapon)
Armour
 b - a +0 scale mail (worn)
 c - a +0 kite shield (worn)
Scrolls
 g - a scroll of immolation {unknown}
Potions
 d - 2 potions of might {@q3}
Comestibles
 e - 2 rations
 f - 3 chunks of flesh


   Skills:
 + Level 2.8 Fighting
 * Level 2.7 Axes
 + Level 3.4 Armour
 + Level 0.8 Dodging
 + Level 3.4 Shields


You had one spell level left.
You didn't know any spells.
Your spell library was empty.

Dungeon Overview and Level Annotations

Branches:
Dungeon (2/15)

Altars:


Innate Abilities, Weirdness & Mutations

You are resistant to damage.
You can heal yourself by infusing magical energy.
You passively map a small area around you.
You do not regenerate.


Message History

There is a stone staircase leading down here.
You miss the bat. The bat hits you but does no damage.
The bat hits you but does no damage.
You closely miss the bat. You block the bat's attack.
You slash the bat!
You kill the bat!
No target in view!
No target in view!
No target in view!
No target in view!
No target in view!
No target in view!
No target in view!
No target in view!
No target in view!
No target in view!
A giant cockroach comes into view.
The giant cockroach bites you but does no damage.
You see here a scroll labeled OBLUSK RUSCHU.
You hit the giant cockroach.
The giant cockroach is severely wounded.
You block the giant cockroach's attack. The giant cockroach barely misses you.
You hit the giant cockroach but do no damage.
The giant cockroach is severely wounded.
The giant cockroach bites you but does no damage.
The giant cockroach completely misses you.
You barely miss the giant cockroach.
The giant cockroach is severely wounded.
You block the giant cockroach's attack. The giant cockroach barely misses you.
You hit the giant cockroach.
You kill the giant cockroach!
No target in view!
No target in view!
No target in view!
No target in view!
No target in view!
No target in view!
No target in view!
(D) Dungeon
Where to? (Enter - D:2, ? - help)
There is a stone staircase leading down here.
You climb downwards.
A bat comes into view.
Found a glowing hand axe and 15 gold pieces.
There is a stone staircase leading up here.
You climb upwards.
There is a stone staircase leading down here.
g - a scroll labeled OBLUSK RUSCHU
(D) Dungeon
Where to? (Enter - D:2, ? - help)
There is a stone staircase leading down here.
You climb downwards.
The bat hits you. The bat hits you but does no damage.
You block the bat's attack.
There is a stone staircase leading up here.
You closely miss the bat. The bat closely misses you.
You block the bat's attack.
You slash the bat!
You kill the bat!
No target in view!
No target in view!
No target in view!
No target in view!
No target in view!
No target in view!
No target in view!
No target in view!
No target in view!
No target in view!
A goblin comes into view.
The goblin shouts!
A giant cockroach comes into view.
Found an emerald potion.
The goblin hits you but does no damage.
Found 11 gold pieces.
Found a scroll labeled XAECUMELIM and 11 arrows.
You closely miss the goblin.
The giant cockroach bites you but does no damage.
The goblin hits you.
You hit the giant cockroach but do no damage.
You barely miss the goblin.
The giant cockroach bites you but does no damage.
The goblin barely misses you. The giant cockroach barely misses you.
You slash the giant cockroach!
You kill the giant cockroach!
You slash the goblin!
You kill the goblin!
No target in view!
No target in view!
No target in view!
No target in view!
No target in view!
No target in view!
No target in view!
No target in view!
Found a stone staircase leading down.
You see here a glowing hand axe.
h - a glowing hand axe It sticks to your hand!
h - a cursed -1 hand axe (weapon)
Are you sure you want to abandon this character and quit the game? (Confirm with "yes".)

,........#.# *
..........+ ,
......$...# , ,
>..........# ,
...........#, , ,
, ...##......# ,
, ...........# ,
.. ......##...#*
... ,
.......@...##...!
,,
.##..............
+...............
,
,###..........#..
, , +..........#
#
,##...#.........
, , ,
#<............. ,
* ,
#....##........ ,
, +....###..#####


There were no monsters in sight!

Vanquished Creatures
  A dart slug (D:1)
  3 bats
  4 giant cockroaches
  2 hobgoblins (D:1)
  A frilled lizard (D:1)
  A goblin (D:2)
  2 kobolds (D:1)
  A rat (D:1)
15 creatures vanquished.

Notes
Turn   | Place    | Note
-------+----------+-------------------------------------------
     0 | D:1      | EnegeticOcto the Deep Dwarf Fighter began the quest for the
                  | Orb.
     0 | D:1      | Reached XP level 1. HP: 20/20 MP: 1/1
   101 | D:1      | Reached XP level 2. HP: 25/27 MP: 2/2
   253 | D:2      | Quit the game

Levels and vault maps discovered:
D:1:      dpeg_arrival_lava_temple_mockup, layout_basic, roderic_lattice_a
D:2:      layout_basic, first_ration, uniq_robin

Action                   || total
-------------------------++-------
Melee: War axe           ||    54
Armor: Scale mail        ||    24
Dodge: Dodged            ||    19
Block: Kite shield       ||    35

Table legend:
 A = Non-vault XP
 B = Vault XP
 C = Vault XP percentage of total XP
 D = Non-vault monster count
 E = Vault monster count
 F = Vault count percentage of total count
                 A         B        C        D         E       F
            +---------+---------+-------+---------+---------+-------
      Total |      27 |       0 |   0.0 |      15 |       0 |   0.0
            +---------+---------+-------+---------+---------+-------
        D:1 |      22 |       0 |   0.0 |      12 |       0 |   0.0
        D:2 |       5 |       0 |   0.0 |       3 |       0 |   0.0
            +---------+---------+-------+---------+---------+-------
